 Dungeon Crawl Stone Soup version 0.18-a0-425-ge088ad1 (webtiles) character file.

16 Korkiloff the Firebug (level 2, -4/19 HPs)
             Began as a Demonspawn Fire Elementalist on Nov 30, 2015.
             Slain by Sigmund
             ... wielding a +0 scythe
              (6 damage)
             ... on level 2 of the Dungeon.
             The game lasted 00:05:17 (902 turns).

Korkiloff the Firebug (Demonspawn Fire Elementalist) Turns: 902, Time: 00:05:17

Health: -4/19      AC:  2    Str:  8    XL:     2   Next: 41%
Magic:  5/5        EV:  9    Int: 16    God:
Gold:   50         SH:  0    Dex: 13    Spells: 1 memorised, 4 levels left

rFire  . . .     SeeInvis .     j - +0 whip
rCold  . . .     Clarity  .     a - +0 robe
rNeg   . . .     SustAt   .     (no shield)
rPois  .         Gourm    .     (no helmet)
rElec  .         Spirit   .     (no cloak)
rCorr  .         Dsmss    .     (no gloves)
rMut   .         Stasis   +     (no boots)
MR     .....                    m - amulet of stasis
Stlth  ++........               (no ring)
                                (no ring)

@: not resistant to hostile enchantments, unstealthy
A: repulsion field 1
a: no special abilities


You were on level 2 of the Dungeon.
You were not hungry.

You visited 1 branch of the dungeon, and saw 2 of its levels.

You collected 50 gold pieces.

Inventory:

Hand Weapons
 j - a +0 whip (weapon)
 k - a +0 hand axe
 o - a +0 hunting sling
 u - a +0 dagger
 w - a +0 dagger
Missiles
 v - 32 bolts
Armour
 a - a +0 robe (worn)
 q - a +0 leather armour
 s - a +0 chain mail
Jewellery
 m - an amulet of stasis (around neck)
Scrolls
 i - a scroll of magic mapping {unknown}
 l - a scroll of random uselessness {unknown}
 t - 2 scrolls of remove curse {unknown}
Potions
 d - a potion of mutation {unknown}
 e - a potion of beneficial mutation {unknown}
 f - a potion of agility {unknown}
 h - a potion of magic {unknown}
 n - a potion of curing {unknown}
 p - 2 potions of heal wounds {unknown}
 r - a potion of lignification {unknown}
 x - a potion of ambrosia {unknown}
Books
 b - a book of Flames

   Spells                             Type                      Level
   a - Flame Tongue                   Conjuration/Fire             1
   b - Throw Flame                    Conjuration/Fire             2
   c - Conjure Flame                  Conjuration/Fire             3
   d - Inner Flame                    Hexes/Fire                   3
   e - Sticky Flame                   Conjuration/Fire             4
   f - Fireball                       Conjuration/Fire             5
Comestibles
 c - 2 bread rations
 g - a beef jerky


   Skills:
 + Level 2.0 Dodging
 + Level 1.9 Stealth
 + Level 2.1 Spellcasting
 + Level 1.0 Conjurations
 + Level 3.1 Fire Magic


You had 4 spell levels left.
You knew the following spells:

 Your Spells              Type           Power        Failure   Level  Hunger
a - Flame Tongue          Conj/Fire      #....        10%         1    #......


Dungeon Overview and Level Annotations

Branches:
Dungeon (2/15)

Altars:

Annotations:
D:2 Sigmund


Innate Abilities, Weirdness & Mutations

You are surrounded by a mild repulsion field (EV +2).


Message History

Confirm with . or Enter, or press ? or * to list all spells.
You can't see any susceptible monsters within range! (Use Z to cast anyway.) Unknown command.
Press: ? - help, v - describe, . - travel The floor.
You hit something but do no damage. You hit something. Something hits you.
Something hits you!
* * * LOW HITPOINT WARNING * * *
You hear some strange, mumbled words.
Something tries to affect you, but you resist.
You are confused.
You bump into the rock wall.
You bump into the rock wall.
You feel less confused.
Press: ? - help, v - describe, . - travel The floor.
There is a stone staircase leading down here.
Something hits you.
You die...

####.###(##.## ......
...........# .#..#
#...#.#).###
.#..###...#.#..# ...
..............# #...
....###..#####.#
#..####..###...####.#
#./(................#
#....##@####...######
######....##.# #...# #
.......##.##{#
#...####.. #.........#
#...#.....
#.#.##.#######........#
##...##.................
#.###............†......
#.# #...................
#{###.#.#######........#


There were no monsters in sight!

Vanquished Creatures
  A bat (D:1)
  2 goblins (D:1)
  3 jackals (D:1)
  3 kobolds
  A ball python (D:1)
  4 giant newts
  3 rats (D:1)
17 creatures vanquished.

Notes
Turn   | Place    | Note
--------------------------------------------------------------
     0 | D:1      | Korkiloff the Demonspawn Fire Elementalist began the quest for the Orb.
     0 | D:1      | Reached XP level 1. HP: 13/13 MP: 3/3
   221 | D:1      | Reached skill level 3 in Fire Magic
   322 | D:1      | Gained mutation: You are surrounded by a mild repulsion field (EV +2). [demonic ancestry]
   322 | D:1      | Reached XP level 2. HP: 14/19 MP: 5/5
   873 | D:2      | Noticed Sigmund
   902 | D:2      | Slain by Sigmund

Vault maps used:
D:1:      co_arrival_square_in_a_square_in_a_square, wad_floor_pattern_untrapped
D:2:      first_bread, uniq_sigmund

Action                   || total
-------------------------++-------
Melee: Whip              ||    10
       Unarmed           ||     1
 Cast: Flame Tongue      ||    26
